 Dungeon Sprint DCSS version 0.31-a0-1074-g0b22e4e0f1 (webtiles) character file.

Game seed: 16850449247057431961

1940 tbh1313 the Bludgeoner (level 9, -10/133 HPs)
             Began as an Ogre Berserker on Nov 28, 2023.
             Was an Elder of Trog.
             Mangled by a centaur warrior (12 damage)
             ... in the Dungeon (Sprint I: "Red Sonja").
             The game lasted 00:02:18 (529 turns).

tbh1313 the Bludgeoner (Ogre Berserker)              Turns: 529, Time: 00:02:18

Health: -10/133    AC:  3    Str: 27    XL:     9   Next: 18%
Magic:  9/9        EV: 10    Int:  8    God:    Trog [****..]
Gold:   141        SH:  0    Dex:  8    Spells: 8/8 levels left

rFire   . . .        a - +0 giant club
rCold   . . .        (shield currently unavailable)
rNeg    . . .        j - +0 robe
rPois   +            (helmet restricted)
rElec   .            (no cloak)
rCorr   .            (gloves unavailable)
SInv    .            (boots unavailable)
Will    .....        (no amulet) Stlth
                     k - ring of poison resistance
HPRegen 0.42/turn    (no ring)
MPRegen 0.11/turn

%: no teleportation
@: berserking (expiring), very quick
A: large, unfitting armour, tough skin 1
a: Renounce Religion, Berserk, Trog's Hand, Brothers in Arms


You were in the Dungeon.
You worshipped Trog.
Trog was greatly pleased with you.
You visited 1 branch You collected 405 gold pieces.
You spent 264 gold pieces at shops.

Inventory:

Hand Weapons
 a - a +0 giant club (weapon)
Armour
 j - a +0 robe (worn)
Jewellery
 k - a ring of poison resistance (left hand)
Wands
 i - a wand of flame (29)
Scrolls
 b - 3 scrolls of identify
 h - a scroll of blinking
Potions
 c - a potion of curing
 d - a potion of heal wounds
 e - a potion of haste
 f - 2 potions of magic
 g - a potion of berserk rage


   Skills:
 + Level 6.1 Fighting
 - Level 18.0 Maces & Flails
 - Level 2.6 Dodging


You had 8 spell levels left.
You didn't know any spells.
Your spell library was empty.

Dungeon Overview and Level Annotations

Branches:
Dungeon (1/1)

Altars:
Cheibriados
Dithmenos
Elyvilon
Fedhas
Gozag
Hepliaklqana
Kikubaaqudgha
Makhleb
Nemelex Xobeh
Okawaru
Qazlal
Ru
Sif Muna
Trog
Uskayaw
Vehumet
Wu Jian
Xom
Yredelemnul
Zin
The Shining One
Jiyva
Lugonu

Shops:
D *


Innate Abilities, Weirdness & Mutations

You are too large for most types of armour.
You have tough skin. (AC +1)


Message History

You flatten the centaur warrior like a pancake!!!
The centaur warrior is almost dead.
The centaur warrior hits you!
* * * LOW HITPOINT WARNING * * *
The centaur warrior barely misses you.
The centaur warrior closely misses you. x2
You bludgeon the centaur warrior!!
You feel the power of Trog in you as your rage grows.
You kill the centaur warrior!
Trog accepts your kill.
You can now call in reinforcements.
You hear a splash.
Training target 18.0 for Maces & Flails reached!
Your Maces & Flails skill gained 2 levels and is now at level 18!
You need to enable at least one skill for training.
Your Fighting skill gained 2 levels and is now at level 6!
You have reached level 9!
Your experience leads to an increase in your attributes!
Increase (s)trength, (i)ntelligence, or (d)exterity?
You feel stronger. x3
You sock the centaur warrior!
The centaur warrior is lightly wounded.
The centaur warrior hits you.
* * * LOW HITPOINT WARNING * * *
The centaur warrior kicks you.
* * * LOW HITPOINT WARNING * * *
You barely miss the centaur warrior.
The centaur warrior is lightly wounded.
The centaur warrior hits you but does no damage.
The centaur warrior barely misses you.
You closely miss the centaur warrior.
The centaur warrior is lightly wounded.
The centaur warrior hits you.
* * * LOW HITPOINT WARNING * * *
The centaur warrior kicks you.
* * * LOW HITPOINT WARNING * * *
You barely miss the centaur warrior.
The centaur warrior is lightly wounded.
You bludgeon the centaur warrior!!
The centaur warrior is severely wounded.
The centaur warrior hits you!
You die...

##########################
#<.#..').#..'..#__#..')..#
#..)..#..'[.#..'..'..#)..#
#..#####'#####'#__####...+
#..####..#...#.####[§#####
#..#__####..##.#c§§§.#
#..#_____##'#_.@§~§§§+
#⌠⌠#_.∩...'..._#§§§§.#
####_..__##_.#'##+####
#_____###+#[# ####### ###


You could see a centaur warrior.

Levels and vault maps discovered:
D:        dungeon_sprint_1 [red_sonja_temple_1, red_sonja_temple_small_1]

Notes
Turn   | Place    | Note
-------+----------+-------------------------------------------
     0 | D        | tbh1313 the Ogre Berserker began the quest for the Orb.
     0 | D        | Reached XP level 1. HP: 24/24 MP: 1/1
     1 | D        | Noticed Ijyb
    10 | D        | Killed Ijyb
    11 | D        | Reached skill level 6 in Maces & Flails
    11 | D        | Reached XP level 2. HP: 9/32 MP: 2/2
    11 | D        | Reached XP level 3. HP: 11/39 MP: 3/3
   122 | D        | Noticed an ogre
   127 | D        | Killed an ogre
   128 | D        | Reached skill level 9 in Maces & Flails
   128 | D        | Reached XP level 4. HP: 30/48 MP: 4/4
   226 | D        | Noticed Sigmund
   230 | D        | Killed Sigmund
   230 | D        | Reached ** piety under Trog
   231 | D        | Reached skill level 11 in Maces & Flails
   231 | D        | Reached XP level 5. HP: 54/54 MP: 5/5
   231 | D        | Reached XP level 6. HP: 62/62 MP: 6/6
   291 | D        | Found an ornate altar of the Wu Jian Council.
   291 | D        | Found a shimmering blue altar of Sif Muna.
   293 | D        | Found a radiant altar of Vehumet.
   298 | D        | Reached skill level 12 in Maces & Flails
   332 | D        | Found Acsoevus's General Store.
   332 | D        | Found an ancient bone altar of Kikubaaqudgha.
   332 | D        | Found a hazy altar of Hepliaklqana.
   332 | D        | Found a stormy altar of Qazlal.
   332 | D        | Found a hide-covered altar of Uskayaw.
   332 | D        | Found a blossoming altar of Fedhas.
   332 | D        | Found a bloodstained altar of Trog.
   332 | D        | Found an iron altar of Okawaru.
   332 | D        | Found a basalt altar of Yredelemnul.
   332 | D        | Found a glowing golden altar of the Shining One.
   332 | D        | Found a snail-covered altar of Cheibriados.
   332 | D        | Found a sacrificial altar of Ru.
   332 | D        | Found a glowing silver altar of Zin.
   332 | D        | Found a shadowy altar of Dithmenos.
   332 | D        | Found a white marble altar of Elyvilon.
   332 | D        | Noticed a yak
   335 | D        | Killed a yak
   336 | D        | Reached skill level 13 in Maces & Flails
   336 | D        | Reached XP level 7. HP: 48/70 MP: 7/7
   336 | D        | Found an opulent altar of Gozag.
   337 | D        | Found a sparkling altar of Nemelex Xobeh.
   407 | D        | Bought a scroll of identify for 24 gold pieces
   407 | D        | Bought a ring of poison resistance for 240 gold pieces
   420 | D        | Found a burning altar of Makhleb.
   420 | D        | Found a viscous altar of Jiyva.
   420 | D        | Found a shimmering altar of Xom.
   420 | D        | Found a corrupted altar of Lugonu.
   420 | D        | Noticed a slime creature
   425 | D        | Killed a slime creature
   426 | D        | Reached skill level 14 in Maces & Flails
   454 | D        | Noticed a kobold demonologist
   454 | D        | Noticed a glass eye
   457 | D        | Noticed a kobold demonologist
   459 | D        | Killed a glass eye
   459 | D        | Reached *** piety under Trog
   460 | D        | Reached skill level 15 in Maces & Flails
   465 | D        | Killed a kobold demonologist
   466 | D        | Reached skill level 16 in Maces & Flails
   466 | D        | Reached XP level 8. HP: 78/78 MP: 8/8
   471 | D        | Killed a kobold demonologist
   513 | D        | Noticed a centaur warrior
   513 | D        | Noticed a centaur warrior
   524 | D        | Killed a centaur warrior
   524 | D        | Reached **** piety under Trog
   525 | D        | Reached skill level 18 in Maces & Flails
   525 | D        | Reached XP level 9. HP: 15/89 MP: 9/9
   525 | D        | HP: 10/133 [centaur warrior (5)]
   527 | D        | HP: 1/133 [centaur warrior (4)]
   529 | D        | Mangled by a centaur warrior

Table legend: (Time is in decaauts)
 A = Elapsed time spent in this place.
 B = Non-inter-level travel time spent in this place.
 C = Inter-level travel time spent in this place.
 D = Time resting spent in this place.
 E = Time spent auto-exploring this place.
 F = Levels seen in this place.
 G = Mean time per level.
                   A        B        C        D        E       F      G
               +--------+--------+--------+--------+--------+-----+--------+
         Total |    561 |    561 |      0 |    382 |      1 |   1 |  561.0 |
       Dungeon |    561 |    561 |      0 |    382 |      1 |   1 |  561.0 |
               +--------+--------+--------+--------+--------+-----+--------+

Top non-repeatable levels by time:
       D: 561 daAuts

Table legend:
 A = Kills in this place as a percentage of kills in the entire game.
 B = Kills by you in this place as a percentage of kills by you in the entire game.
 C = Kills by friends in this place as a percentage of kills by friends in the entire game.
 D = Other kills in this place as a percentage of other kills in the entire game.
 E = Experience gained in this place as a percentage of experience gained in the entire game.
 F = Experience gained in this place divided by the number of levels of this place that you have seen.
                   A       B       C       D       E      F
               +-------+-------+-------+-------+-------+----------------------
         Total | 100.0 | 100.0 |   N/A |   N/A | 100.0 | 2772.0
       Dungeon | 100.0 | 100.0 |   N/A |   N/A | 100.0 | 2772.0
               +-------+-------+-------+-------+-------+----------------------

Action                     |  1- 3 |  4- 6 |  7- 9 || total
---------------------------+-------+-------+-------++-------
  Melee: Mace              |    11 |       |       ||    11
         Giant club        |       |     8 |    30 ||    38
 Invoke: Berserk           |     2 |     1 |     2 ||     5
 Armour: Animal skin       |     6 |     1 |       ||     7
         Robe              |       |     2 |    30 ||    32
  Dodge: Dodged            |     4 |     3 |    12 ||    19

Vanquished Creatures
  A centaur warrior (D)
  2 kobold demonologists (D)
  A glass eye (D)
  Sigmund (D)
  A slime creature (D)
  A yak (D)
  An ogre (D)
  A jelly (D)
  Ijyb (D)
10 creatures vanquished.
